Cogmind - Beta 14 @@@ ROGUE MODE // 2024.11.26 @ 10:56:08 Player: Fangrelle Result: Destroyed by VV-BIE(R) with Subdweller Machine Gun Performance ------------- Evolutions (0) 0 Regions Visited (2) 400 Robots Destroyed (20) 100 Value Destroyed (495) 495 Prototype IDs (1) 20 Alien Tech Used (0) 0 Bonus (0) 0 TOTAL SCORE: 1015 Bonus ------- None Cogmind --------- Core Integrity 0/250 Matter 292/300 Energy 200/200 System Corruption 0% Temperature Cool (24) Movement Rolling (120) Ox1 Location -10/Subcaves Parts ------- > --- POWER (1) -------- Subdweller Power Source > --- PROPULSION (2) --- Subdweller Monowheel > --- UTILITY (2) ------ Large Storage Unit Makeshift Light Armor Plating > --- WEAPON (2) ------- Spread Laser Spread Laser > --- INVENTORY (15) --- Makeshift System Shield Trap Extractor (0/4) EM Pulse Gun EM Pulse Gun Spread Laser Faulty Improved Assault Rifle Improved Assault Rifle Mini Grenade Launcher Mini Grenade Launcher Mini Grenade Launcher Subdweller Shrapnel Launcher Mining Laser Enhanced Flamer Makeshift Axe Peak State ------------ > --- POWER ------------ Subdweller Power Source > --- PROPULSION ------- Makeshift Leg Subdweller Monowheel > --- UTILITY ---------- Large Storage Unit Makeshift Light Armor Plating > --- WEAPON ----------- Makeshift Axe Makeshift Sword > --- INVENTORY -------- Makeshift System Shield Trap Extractor EM Pulse Gun EM Pulse Gun Spread Laser Spread Laser Spread Laser Improved Assault Rifle Improved Assault Rifle Mini Grenade Launcher Mini Grenade Launcher Mini Grenade Launcher Subdweller Shrapnel Launcher Mining Laser Enhanced Flamer [Rating: 24] Favorites ----------- Power Ion Engine Engine Ion Engine Propulsion Light Treads Treads Light Treads Leg Makeshift Leg Wheel Subdweller Monowheel Utility Large Storage Unit Device Sensor Array Storage Large Storage Unit Processor Visual Processing Unit Protection Makeshift Light Armor Plating Weapon Improved Assault Rifle Energy Gun Spread Laser Ballistic Gun Improved Assault Rifle Launcher Mini Grenade Launcher Special Weapon Mining Laser Slashing Weapon Makeshift Axe Build | -11 -10 -10 ------- Run | Yrd Mat Sub Slots Evolved . | . . . Power . | . . . Propulsion . | . . . Utility . | . . . Weapon . | . . . Parts Attached 31 | . 13 18 Power 2 | . 1 1 Engine 2 | . 1 1 Core . | . . . Reactor . | . . . Propulsion 8 | . 2 6 Treads 2 | . 2 . Leg 2 | . . 2 Wheel 4 | . . 4 Hover . | . . . Flight . | . . . Utility 5 | . 4 1 Device 1 | . 1 . Storage 1 | . 1 . Processor 1 | . 1 . Hackware . | . . . Protection 2 | . 1 1 Artifact . | . . . Weapon 16 | . 6 10 Energy Gun 9 | . 4 5 Energy Cannon . | . . . Ballistic Gun 3 | . 2 1 Ballistic Cannon . | . . . Launcher 1 | . . 1 Special Weapon 1 | . . 1 Impact Weapon . | . . . Slashing Weapon 2 | . . 2 Piercing Weapon . | . . . Special Melee Weapon . | . . . Unidentified Prototypes 1 | . 1 . Parts Lost 8 | . . 8 Power 1 | . . 1 Propulsion 4 | . . 4 Utility . | . . . Weapon 3 | . . 3 Highest Loss Streak 3 | . . 3 To Critical Strikes . | . . . Average Slot Usage (%) 91 | . 96 90 Engine 13 | . 14 12 Treads 9 | . 23 5 Leg 7 | . 4 8 Wheel 4 | . . 6 Device 2 | . 8 . Storage 14 | . 14 14 Protection 10 | . . 14 Energy Gun 9 | . 13 7 Ballistic Gun 12 | . 14 12 Special Weapon 2 | . . 2 Slashing Weapon 3 | . . 4 Peak Build Rating 24 | 6 14 24 Average Rating 14 | 6 9 16 On Entrance 8 | 6 6 13 Naked Turns . | . . . Heaviest Build 35 | 11 32 35 Greatest Support 40 | 20 40 40 Greatest Overweight (x) 9 | . . 9 Average Overweight (x) . | . . 1 Largest Inventory Capacity 15 | 8 15 15 Average Capacity 14 | 8 13 15 Most Carried 15 | 6 15 15 Average Carried 13 | 6 10 14 Final Capacity 15 | 8 15 15 Final Carried 15 | 6 15 14 Class Distribution -------------------- 88% | Mutant 11% | Derelict-Mutant Dominant Class ---------------- Mutant | -10/Materials Mutant | -10/Subcaves Resources | -11 -10 -10 ----------- Run | Yrd Mat Sub Matter Collected 725 | 163 172 390 Remotely . | . . . Salvage Created 571 | . 309 262 Parts 45 | . 30 15 Haulers Intercepted 1 | . 1 . Recyclers Shooed 1 | . 1 . Parts Field Recycled . | . . . Retrieved Matter . | . . . Parts Self-Destructed 13 | . . 13 Prevented . | . . . Kills | -11 -10 -10 ------- Run | Yrd Mat Sub Combat Hostiles Destroyed 15 | . 5 10 Melee 2 | . . 2 Guns 13 | . 5 8 Classes Destroyed 6 | . 5 1 Hauler 1 | . 1 . Recycler 1 | . 1 . Watcher 3 | . 3 . Swarmer 5 | . 3 2 Grunt 4 | . 2 2 Subdweller 6 | . . 6 Best Kill Streak 5 | . 5 2 Combat Bots Only 3 | . 3 2 Max Kills in Single Turn 1 | . 1 1 Gunslinging . | . . . Exploded . | . . . Melee 1 | . . 1 Uniques/NPCs Destroyed . | . . . Combat | -11 -10 -10 -------- Run | Yrd Mat Sub Hostile Shots Fired 81 | . 20 61 Missed 21 | . 8 13 Damage Taken 1225 | . 107 1118 Core 255 | . 46 209 Absorbed by Shields . | . . . Redirected to Shielding 13 | . . 13 Core Remaining (%) 100 | 100 . . Volleys Fired 61 | . 16 45 Largest 2 | . 2 2 Hottest 130 | . 80 130 Shots Fired 111 | . 32 79 Gun 105 | . 32 73 Cannon . | . . . Launcher 2 | . . 2 Special 4 | . . 4 Kinetic 76 | . 20 56 Thermal 21 | . . 21 Explosive 2 | . . 2 Electromagnetic 12 | . 12 . Robot Hit Streak 31 | . 12 31 Robot Miss Streak 4 | . 4 4 Penetration Max . | . . . Secondary Targets 4 | . 3 1 Max Gunslinging Chain 1 | . 1 1 Shots Hit Robots 92 | . 21 71 Core Hits 44 | . 12 32 Critical Kills . | . . . Critical Parts Destroyed . | . . . Critical Strikes 1 | . . 1 Destroy 1 | . . 1 Melee Attacks 19 | . . 19 Impact . | . . . Slashing 19 | . . 19 Piercing . | . . . Sneak Attacks . | . . . Combat Hostiles . | . . . Follow-up Attacks 1 | . . 1 Damage Inflicted 1535 | . 321 1214 Guns 1296 | . 321 975 Cannons . | . . . Explosions . | . . . Melee 239 | . . 239 Ramming . | . . . Kinetic 914 | . 207 707 Thermal 268 | . . 268 Explosive . | . . . Electromagnetic 114 | . 114 . Impact . | . . . Slashing 239 | . . 239 Piercing . | . . . Highest Corruption . | . . . Average Corruption . | . . . Corruption Purged . | . . . Corruption Blocked . | . . . Overload Shots . | . . . Overflow Damage 1 | . . 1 Projectiles . | . . . Explosions . | . . . Melee 1 | . . 1 Knockbacks . | . . . Impact . | . . . Kinetic . | . . . Secondary . | . . . Self-Inflicted Damage 14 | . . 14 Shots 1 | . . 1 Rammed . | . . . Targets Rammed . | . . . Kicked . | . . . Crushed . | . . . Highest Temperature 108 | . 72 108 Average Temperature 32 | . 26 38 Received Heat Transfer 141 | . 24 117 Siege Activations . | . . . Robots Corrupted . | . . . Combat Hostiles . | . . . Parts Fried . | . . . Impact Corruptions . | . . . Robots Melted . | . . . Combat Hostiles . | . . . Parts Melted . | . . . Heat Transferred 330 | . . 330 Parts Sabotaged . | . . . Parts Stolen . | . . . Parts Stripped . | . . . Power Chain Reactions . | . . . Alert | -11 -10 -10 ------- Run | Yrd Mat Sub Peak Influence 104 | . 104 . Initial . | . . . Average 35 | . 36 . Maximum Alert Level . | . . . Low Security (%) 100 | 100 100 . Level 1 . | . . . Level 2 . | . . . Level 3 . | . . . Level 4 . | . . . Level 5 . | . . . High Security . | . . . Max Security . | . . . Squads Dispatched . | . . . Investigation . | . . . Extermination . | . . . Reinforcement . | . . . Assault . | . . . Garrison . | . . . Intercept . | . . . Searches Triggered . | . . . Construction Impeded . | . . . Haulers Reinforced . | . . . Active Scanning Responses . | . . . Cargo Convoy Interrupts . | . . . Stealth | -11 -10 -10 --------- Run | Yrd Mat Sub Distress Signals 1 | . 1 . Communications Jammed . | . . . Distress Signals . | . . . Times Spotted 20 | . 7 13 Peak Tracking Total 3 | . 3 3 Tactical Retreats 1 | . . 1 Traps | -11 -10 -10 ------- Run | Yrd Mat Sub Traps Triggered 1 | . . 1 Indirectly . | . . . Trap Hack Attempts . | . . . Triggered . | . . . Disarmed . | . . . Reprogrammed . | . . . Reused 1 | . . 1 Traps Extracted . | . . . Installed 2 | . . 2 Triggered . | . . . Most Traps Carried 1 | . . 1 Machines | -11 -10 -10 ---------- Run | Yrd Mat Sub Machines Disabled . | . . . Max in Single Turn . | . . . Machines Repaired . | . . . Machines Dismantled . | . . . Machines Sabotaged . | . . . Overloaded Fab Kills . | . . . Hacking | -11 -10 -10 --------- Run | Yrd Mat Sub Machines Accessed 5 | . 5 . Terminals 5 | . 5 . Fabricators . | . . . Repair Stations . | . . . Recycling Units . | . . . Scanalyzers . | . . . Garrison Access . | . . . Total Hacks 11 | . 11 . Successful 4 | . 4 . Failed 7 | . 7 . Catastrophic 1 | . 1 . Database Lockouts . | . . . Manual 11 | . 11 . Terminals 11 | . 11 . Fabricators . | . . . Repair Stations . | . . . Recycling Units . | . . . Scanalyzers . | . . . Garrison Access . | . . . Terminal Hacks . | . . . Fabricator Hacks . | . . . Repair Station Hacks . | . . . Recycling Unit Hacks . | . . . Scanalyzer . | . . . Garrison Access Hacks . | . . . Unauthorized Hacks 4 | . 4 . Terminals 4 | . 4 . Assimilate 1 | . 1 . Botnet 3 | . 3 . Fabricators . | . . . Repair Stations . | . . . Recycling Units . | . . . Scanalyzers . | . . . Garrison Access . | . . . Data Cores Recovered . | . . . Used . | . . . Hacking Detections 5 | . 5 . Full Trace Events 1 | . 1 . Feedback Events . | . . . Feedback Blocked . | . . . Robot Schematics Acquired . | . . . Robots Built . | . . . Authchips . | . . . Time . | . . . Total Robot Build Rating . | . . . Part Schematics Acquired . | . . . Parts Built . | . . . Authchips . | . . . Time . | . . . Total Part Build Rating . | . . . Parts Repaired . | . . . Time . | . . . Parts Recycled . | . . . Recycled Matter . | . . . Retrieved Matter . | . . . Retrieved Components . | . . . Parts Scanalyzed . | . . . Part Schematics Acquired . | . . . Parts Damaged . | . . . Bothacking | -11 -10 -10 ------------ Run | Yrd Mat Sub Used RIF Installer . | . . . Robots Hacked . | . . . Non-combat . | . . . Combat . | . . . Robot Hacks Applied . | . . . Relay Couplers Released . | . . . Fabnet Peak Effective % . | . . . Robots Rewired . | . . . Allies Hacked . | . . . Hacks Repelled . | . . . Allies | -11 -10 -10 -------- Run | Yrd Mat Sub Total Allies . | . . . Largest Group . | . . . Highest-Rated Group . | . . . Highest-Rated Ally . | . . . Total Orders . | . . . Ally Attacks . | . . . Total Damage . | . . . Kills . | . . . Allies Corrupted . | . . . Allies Melted . | . . . Intel | -11 -10 -10 ------- Run | Yrd Mat Sub Robot Analysis Total . | . . . Derelict Logs Recovered 2 | . . 2 Drone Launches . | . . . Drone Recoveries . | . . . Exploration | -11 -10 -10 ------------- Run | Yrd Mat Sub Turns Passed 2448 | 2 609 1837 Spaces Moved 1193 | 2 331 860 Core 70 | . . 70 Treads 436 | . 258 178 Legs 311 | 2 73 236 Wheels 376 | . . 376 Hover . | . . . Flight . | . . . Fastest Speed 110 | 120 120 110 Average Speed 169 | 120 151 176 Slowest Speed 500 | 120 160 500 Overloaded Moves . | . . . Propulsion Burnouts . | . . . Robots Hopped . | . . . Cave-ins Triggered . | . . . Exploration Rate (%) 27 | 1 41 41 Regions Visited 2 Branch Regions 1 Pre-discovered Areas 1 | . . 1 Known Exits Taken . | . . . Unknown Exits Taken 2 | 1 1 . Scrap Searched 12 | . . 12 Spaces Dug 2 | . . 2 Terrain Destroyed 18 | . . 18 Melee 2 | . . 2 Projectile . | . . . AOE 16 | . . 16 Terrain Rammed . | . . . Walls Destroyed . | . . . Machines Disabled . | . . . Actions | -11 -10 -10 --------- Run | Yrd Mat Sub Total 1492 | 1 414 1077 Wait 127 | . 17 110 Move 1191 | 1 330 860 Hop . | . . . Pick Up 26 | . 16 10 Fast Attach 16 | . 8 8 Attach 8 | . 3 5 Detach 9 | . 7 2 Swap 7 | . 2 5 Drop 28 | . 15 13 Fire 61 | . 16 45 Melee 17 | . . 17 Ram . | . . . Kick . | . . . Crush . | . . . Escape Stasis . | . . . Rewire . | . . . Trap 2 | . . 2 Miscellaneous . | . . . Route ------- -11/Scrapyard -10/Materials (discovered 3 exits: [*Mat] / [*Min] / [*Sub]) -10/Subcaves History --------- Turn | Location | Event 1 | -11/Scrapyard | Discovered new exit (range 1) 3 | -11/Scrapyard | Entered Materials 77 | -10/Materials | Discovered new exit (range 16) 316 | -10/Materials | Build established: Mutant 551 | -10/Materials | Discovered new exit (range 9) 591 | -10/Materials | Discovered new exit (range 12) 612 | -10/Materials | Entered Subcaves 649 | -10/Subcaves | Learned location of Mines (-9) 894 | -10/Subcaves | Shifting Twisted Machinery released Mak. Axe 992 | -10/Subcaves | Lost 3 parts (2n1w) 1062 | -10/Subcaves | Shifting Twisted Machinery released Sub. Monowheel 1423 | -10/Subcaves | Core integrity fell below 50% 1962 | -10/Subcaves | Learned Materials stockpile data 2195 | -10/Subcaves | Ambushed by Subdweller buried in earth 2385 | -10/Subcaves | Core integrity fell below 20% 2449 | -10/Subcaves | Destroyed by VV-BIE(R) with Subdweller Machine Gun Last Messages --------------- 02128_ Acquired 20 matter. 02160_ Acquired Sub. Monowheel. 02196_ 5E-BCK(R): "GOODGOOD!" 02197_ Mak. Sword follow-up attack on 5E-BCK(R). 02197_ 5E-BCK(R) destroyed. 02199_ Acquired 10 matter. 02213_ Acquired Sub. Power Source. 02230_ Acquired 10 matter. 02317_ Dropped Imp. Assault Rifle. 02317_ Acquired Mak. Shrapnel Gun. 02319_ Dropped Mak. Shrapnel Gun. 02319_ Acquired Imp. Assault Rifle. 02363_ FQ-T8E(u) tweaks Twisted Machinery. 02383_ Destroyed Lgt. Ion Engine. 02384_ Mak. Sword destroyed. 02390_ Mak. Leg destroyed. 02390_ S-10 Pest destroyed. 02395_ Lgt. Ion Engine fries itself beyond repair. 02397_ Acquired 7 matter. 02403_ Flight Unit fries itself beyond repair. Map ----- +----------------------------------------------------+ | ####?????# % ## ### |# % | | ?????????# %% % #? | | ?????????###% ## #### [ #??????? | | ???????????#######??#### #### # ####??????? | | ???????????????????????# ##?#### %#?????????? | | ???????????????????????## #????? #?????????? | | ????????????????????????## #?????? %#?????????? | | ????????????????????????## #?????? %#?????????? | | ????????????????????????# ##??????? ?????????? | | ????????????????????????# ##???????? ????????? | | ????????????????????????## #?????????? ???????? | | ????????????????????????# #?????????? "#??????? | | ????????????????????????## ##?????????? "#??????? | | ?????????????????????????# #??????????""???????? | | ?????????????????????????# #???????????????????? | | ????????????????????????## #???????????????????? | | ????????????????????????# ##??????????????????? | | ???????????????????????### #??????????????????? | | ???????????????????????# #??????????????????? | | ???????????????????????## #??????????????????? | | ????????????????????????# ##??????????????????? | | ????????????????????????# #???????????????????? | | ????????????????????????# #???????????????????? | | #??????????????????????## ## #??????????????????? | | #?????????????????????## #? #???? ?????????? | | #????????????????????## @##? ????????? | | ##???????????????????# R## #????????? | | #???????????????????# R #????????? | | ####????????????????### ## ?????????????? | | #??????????????????## ##?###????????????? | | #????????????????????## #?????????????????? | | #?????????????????????? ????????????????? | | #?????????????????????? ??????????????? | | #?????????#########???? ## ????????????? | | #???????? #### ##?# ???????????? | | #####???# ? ##??## ???????????? | | #### ??##?? #?### ???????????? | | #?????# ??????# ##????????????????? | | ##????# #???#### #????????????????? | | ### ###### ##?## #?????????????????? | | ??## ### #??????????????????? | | ???## ### #????????#??????????? | | ????###### #?##???## ## ?????? | | ???###### ###### ## #?? ?????? | | ???# ## ##???## ## ?????? | | ???# #????# #??????????? | | #??# ## ##????# ##?????????? | | #### ### ##??#### #?????????? | | ##?###?### ## ## #?????????? | | ##?????## ## #?????????? | +----------------------------------------------------+ Best States ------------- Heat Dissipation 25 Energy Generation 15 Energy Capacity 250 Matter Stores 300 Matter Capacity 300 Sight Range 18 Robot Scan Range 14 Terrain Scan Density 10 Armor Coverage 100 Core Shielding 20 Evasion (%) 55 Recoil Reduction 2 Item Schematics ----------------- None Robot Schematics ------------------ None Fabricated ------------ Nothing Alien Tech Used ----------------- None Achievements -------------- None Challenges ------------ None Game ------ Seed MassAngularArachnoskeleton Manual? 0 Play Time 00:17:30 Cumulative 141.6 hours Start 2024.11.26 @ 10:41:29 End 2024.11.26 @ 10:56:08 Sessions 1 Manual Loads 0 Difficulty Rogue Special Mode None Game No. 274 Rogue 274 Adventurer 0 Explorer 0 Win Type - Total 0 Types 0/0/0/0/0/0/0/0/0 Lore% 43 Gallery% 41 Achievement% 36 Wizard Run 0 Options --------- Layout 0 ASCII 0 Keyboard 0 Movement Mouse Keybinds 0 Fullscreen 1 Font 24/Smallcaps Map View 91x25 Zoom Use 100% Tactical HUD 1 Map Filters NONE Filters NONE Steam 1 RUN: f1161cdd-20dc-4827-b5a8-1935020c423d